 Dungeon Crawl Stone Soup version 0.28.0-53-g5a82cb258f (webtiles) character file.

Game seed: 12459915244132099340

1381 LynnLen the Covert (level 8, -10/42 HPs)
             Began as a Vampire Enchanter on Aug 16, 2022.
             Was a Follower of Uskayaw.
             Mangled by a gnoll sergeant
             ... wielding a +0 trident
              (12 damage)
             ... on level 6 of the Dungeon.
             The game lasted 00:22:21 (7483 turns).

LynnLen the Covert (Vampire Enchanter)              Turns: 7483, Time: 00:22:21

Health: -10/42     AC:  3    Str:  7    XL:     8   Next: 39%
Magic:  3/11       EV: 12    Int: 17    God:    Uskayaw [*.....]
Gold:   243        SH:  0    Dex: 17    Spells: 6/11 levels left

rFire   . . .      SeeInvis +   b - +3 dagger
rCold   + + .      Faith    .   (no shield)
rNeg    + + +      Spirit   .   n - +0 leather armour
rPois   ∞          Reflect  .   (no helmet)
rElec   .          Harm     .   (no cloak)
rCorr   .          Rampage  .   (no gloves)
Will    .....                   (no boots)
Stlth   ++++++....              (no amulet)
HPRegen 0.00/turn               (no ring)
MPRegen 0.12/turn               (no ring)

@: confusing by touch, bloodless, inhibited regen
A: bloodless, fangs 3, see invisible, vampiric 2
a: Bat Form, Revivify, Renounce Religion, Stomp


You were on level 6 of the Dungeon.
You worshipped Uskayaw.
Uskayaw was noncommittal.
You visited 2 branches of the dungeon, and saw 7 of its levels.

You collected 243 gold pieces.

Inventory:

Hand Weapons
 a - a +1 dagger
 b - a +3 dagger (weapon)
 i - the +7 hunting sling of Abomination {freeze, Int+3 Stlth+}
   (You found it on level 4 of the Dungeon)

   Any ammunition fired from it freezes those it strikes, dealing additional
   cold damage.
   It can also slow down cold-blooded creatures.
   Int:       It affects your intelligence (+3).
   Stlth:     It makes you more stealthy.
 t - a +3 dagger
Missiles
 f - 178 stones
 o - 20 sling bullets
 p - 6 atropa-tipped darts
 u - a curare-tipped dart
 v - 11 poisoned darts
Armour
 n - a +0 leather armour (worn)
Jewellery
 k - a ring of fire
 q - a ring of poison resistance
Wands
 h - a wand of mindburst (14)
Scrolls
 c - a scroll of amnesia
 s - a scroll of holy word {unknown}
Potions
 d - 2 potions of degeneration {unknown}
 e - 2 potions of mutation {unknown}
 g - a potion of cancellation {unknown}
 j - 2 potions of heal wounds
 l - a potion of flight {unknown}
 m - 2 potions of curing
 r - a potion of attraction {unknown}


   Skills:
 - Level 0.4 Fighting
 * Level 8.0 Short Blades
 + Level 4.0 Armour
 - Level 2.1 Dodging
 + Level 9.2 Stealth
 - Level 2.0 Spellcasting
 - Level 4.4 Hexes


You had 6 spell levels left.
You knew the following spells:

 Your Spells              Type           Power      Damage    Failure   Level
a - Ensorcelled Hibernat  Hex/Ice        18%        N/A       17%         2
b - Confusing Touch       Hex            16%        N/A       14%         3

Your spell library contained the following spells:

 Spells                   Type           Power      Damage    Failure   Level
 Tukima's Dance           Hex            16%        N/A       14%         3
 Foxfire                  Conj/Fire      4%         2x1d4     28%         1
 Sting                    Tmut/Pois      4%         1d3       28%         1
 Dazzling Flash           Conj/Hex       18%        N/A       34%         3
 Inner Flame              Hex/Fire       9%         N/A       34%         3
 Passwall                 Tmut/Erth      0%         N/A       38%         2
 Poisonous Vapours        Pois/Air       2%         N/A       38%         2
 Conjure Flame            Conj/Fire      1%         6-21      63%         3
 Swiftness                Air            1%         N/A       63%         3
 Animate Armour           Summ/Erth      2%         N/A       95%         4
 Flame Wave               Conj/Fire      1%         2d4       95%         4
 Olgreb's Toxic Radiance  Pois           1%         N/A       95%         4
 Blade Hands              Tmut           0%         N/A       100%        5
 Iron Shot                Conj/Erth      0%         9d1       100%        6


Dungeon Overview and Level Annotations

Branches:
Dungeon (6/15)             Temple (1/1) D:4

Altars:
Ashenzari
Cheibriados
Fedhas
Kikubaaqudgha
Makhleb
Nemelex Xobeh
Okawaru
Ru
Sif Muna
Uskayaw
Vehumet
Xom
Yredelemnul
The Shining One


Innate Abilities, Weirdness & Mutations

You do not regenerate when monsters are visible.
You are frail without blood (-20% HP).
You can heal yourself when you bite living creatures.
You are immune to poison.
You have razor-sharp teeth.
You have supernaturally acute eyesight. (SInv)
You are afflicted with vampirism and can become a bat while bloodless.


Message History

a +0 short sword; a +0 dagger
Items here: ))) ÷÷.
You see here a +0 dagger.
Things that are here:
a +0 whip; a kobold skeleton
Items here: ))) ÷.
You see here a +0 club.
There is an open door here.
A gnoll comes into view. It is wielding a +0 flail.
A gnoll comes into view. It is wielding a +0 club.
The gnoll shouts!
You hear a shout!
The gnoll shouts!
Aiming: Ensorcelled Hibernation (safe; 17% risk of failure)
Press: ? - help, Q - select action, (/) - cycle Shift-Dir - straight line, f - gnoll
Aim: a gnoll, wielding a +0 flail (chance to affect: 51%)
The gnoll resists with some effort.
Casting: Confusing Touch (dangerous; 14% risk of failure)
Press: ? - help, Q - select action, (/) - cycle Dir - look around, f - activate Your hands begin to glow red.
You hit the gnoll but do no damage.
The gnoll appears confused.
The gnoll closely misses you.
You catch the helpless gnoll completely off-guard!
You bite the gnoll, and draw its blood! You impale the gnoll!!
You kill the gnoll!
The gnoll hits you with a +0 flail!
Things that are here:
a +0 flail; a fizzy emerald potion
Casting: Confusing Touch (dangerous; 14% risk of failure)
Press: ? - help, Q - select action, (/) - cycle Dir - look around, f - activate Your hands begin to glow red.
The gnoll hits you with a +0 flail! The gnoll sergeant closely misses you.
You hit the gnoll sergeant but do no damage.
The gnoll hits you with a +0 flail!
* * * LOW HITPOINT WARNING * * *
The gnoll hits you with a +0 club!
* * * LOW HITPOINT WARNING * * *
The gnoll sergeant blocks your attack.
You bite the gnoll sergeant, but do no damage.
The gnoll sergeant hits you with a +0 trident!
You die...

#.).# #.# #.# ###### #.##
#.#.###.# #.# #.# #.#.....#
##.## #.# #.####### ##...## #.#
####.### #.....##########.#
.......# ##...##..........#
.###.#.#########.###.##########
.# #.............###.## .#
###.########g@g....# .#####.#
##g###.## .......# #g# ###
################.# #..........#
#.#######..####### #.#
#........# #.# #####...#.##.#
####.# #......###.#.#


You could see a gnoll sergeant and 3 gnolls.

Vanquished Creatures
  Grinder (D:5)
  Prince Ribbit (D:5)
  A water moccasin (D:5)
  A kobold brigand (D:6)
  4 scorpions
  A water moccasin skeleton (D:6)
  3 wights
  A jelly (D:5)
  3 hounds
  A bullfrog skeleton (D:5)
  2 iguanas
  A scorpion zombie (D:5)
  4 gnolls
  5 adders
  A howler monkey skeleton (D:4)
  A worm (D:4)
  6 orcs (D:4)
  9 ball pythons
  5 bats
  3 endoplasms
  2 giant cockroaches
  7 goblins
  3 hobgoblins
  6 jackals
  2 quokkas
  3 frilled lizards
  25 kobolds
  4 rats
106 creatures vanquished.

Vanquished Creatures (others)
  2 kobolds (D:6)
  2 fungi (D:3)
  32 plants (D:6)
36 creatures vanquished.

Grand Total: 142 creatures vanquished

Notes
Turn   | Place    | Note
-------+----------+-------------------------------------------
     0 | D:1      | LynnLen the Vampire Enchanter began the quest for the Orb.
     0 | D:1      | Reached XP level 1. HP: 13/13 MP: 3/3
   798 | D:1      | Reached XP level 2. HP: 16/16 MP: 5/5
   801 | D:1      | Learned a level 2 spell: Ensorcelled Hibernation
  2028 | D:3      | Gained mutation: You are afflicted with vampirism and can
                  | become a bat while bloodless. [Vampire growth]
  2028 | D:3      | Reached XP level 3. HP: 20/20 MP: 6/6
  2032 | D:3      | Learned a level 3 spell: Confusing Touch
  2046 | D:3      | Reached skill level 5 in Stealth
  2288 | D:3      | Found a faded altar of an unknown god.
  2297 | D:3      | Prayed at the altar of an unknown god.
  2297 | D:3      | Became a worshipper of Uskayaw the Reveller
  2297 | D:3      | Reached * piety under Uskayaw
  3000 | D:4      | Noticed a scorpion
  3014 | D:4      | Reached skill level 1 in Armour
  3193 | D:4      | Killed a scorpion
  3193 | D:4      | Reached ** piety under Uskayaw
  3194 | D:4      | Reached XP level 4. HP: 6/24 MP: 1/7
  3586 | D:4      | Reached *** piety under Uskayaw
  3777 | D:4      | Reached XP level 5. HP: 28/28 MP: 8/8
  3886 | D:4      | Reached skill level 6 in Stealth
  4191 | D:4      | Identified the +7 hunting sling of Abomination {freeze,
                  | Int+3 Stlth+}
  4249 | D:4      | Found a staircase to the Ecumenical Temple.
  4499 | Temple   | Entered the Ecumenical Temple
  4838 | D:5      | Entered Level 5 of the Dungeon
  4838 | D:5      | Noticed a water moccasin
  4841 | D:5      | Killed a water moccasin
  4842 | D:5      | Reached skill level 5 in Short Blades
  4842 | D:5      | Reached XP level 6. HP: 33/33 MP: 9/9
  5056 | D:4      | Reached skill level 7 in Stealth
  5367 | D:5      | Reached XP level 7. HP: 16/37 MP: 2/10
  5755 | D:5      | Noticed Grinder
  5826 | D:5      | Killed Grinder
  5827 | D:5      | Reached skill level 8 in Stealth
  5829 | D:5      | Reached **** piety under Uskayaw
  6473 | D:5      | Noticed Prince Ribbit
  6481 | D:5      | Killed Prince Ribbit
  6482 | D:5      | Reached XP level 8. HP: 42/42 MP: 11/11
  6598 | D:5      | Found a shimmering blue altar of Sif Muna.
  7085 | D:6      | Reached skill level 9 in Stealth
  7232 | D:6      | Found an ancient bone altar of Kikubaaqudgha.
  7482 | D:6      | HP: 2/42 [gnoll/+0 club (7)]
  7483 | D:6      | Mangled by a gnoll sergeant

Illustrated notes

Levels and vault maps discovered:
D:1:      enne_arrival_octagon_isle, layout_basic
D:2:      layout_rooms
D:3:      layout_loops_ring, shapermc_ecumenical_altar_petra,
          minmay_misc_feat_room, minmay_misc_feat_diagonals, grunt_ministairs_15
D:4:      layout_basic, minmay_temple_entry_drinking_statues
D:5:      layout_basic, tgw_sif, hangedman_decor_opposing,
          minmay_splitting_lines, uniq_grinder, uniq_prince_ribbit1
D:6:      kennysheep_kobold_camp, layout_loops_corners,
          mainiacjoe_overflow_alcove_1, mainiacjoe_overflow_catwalk
Temple:   minmay_temple_curvy_loop

Skill      XL: |  1  2  3  4  5  6  7  8 |
---------------+-------------------------+-----
Short Blades   | 2 3 5 7 8 |  8.0
Stealth        | 5 6 7 8 9 |  9.2
Armour         | 1 2 3 4 |  4.0
Fighting       | |  0.4
Dodging        | |  2.1
Spellcasting   | |  2.0
Hexes          | |  4.4

Action                   |  1- 3 |  4- 6 |  7- 9 || total
-------------------------+-------+-------+-------++-------
Melee: Dagger            |   119 |   123 |   113 ||   355
       Bite              |     8 |    21 |    17 ||    46
       Punch             |     1 |     3 |     1 ||     5
 Cast: Ensorcelled Hiber |     3 |     6 |     7 ||    16
       Confusing Touch   |     2 |     4 |     9 ||    15
Invok: Stomp             |       |     1 |       ||     1
 Abil: Exsanguinate      |     1 |       |       ||     1
  Use: Scroll            |     5 |     2 |     1 ||     8
       Potion            |       |     1 |     1 ||     2
 Stab: Sleeping          |    28 |    14 |     7 ||    49
       Confused          |     1 |     2 |     5 ||     8
       Invisible         |       |     2 |       ||     2
       Paralysed         |       |       |     5 ||     5
Armor: Robe              |    23 |       |       ||    23
       Leather armour    |     6 |    13 |    14 ||    33
Dodge: Dodged            |    56 |    52 |    41 ||   149
